 Dungeon Crawl Stone Soup version 0.31-a0-981-geadf994542 (webtiles) character file.

Game seed: 7857390029254579213

1350 Strat the Changeling (level 8, 0/67 HPs)
             Began as a White Draconian Shapeshifter on Nov 1, 2023.
             Was a Follower of Okawaru.
             Slain by a lemure (6 damage)
             ... led by Pikel
             ... on level 6 of the Dungeon.
             The game lasted 00:08:56 (5638 turns).

Strat the Changeling (White Draconian Shapeshifter) Turns: 5638, Time: 00:08:57

Health: 0/67       AC:  6    Str: 25    XL:     8   Next: 36%
Magic:  8/8        EV: 12    Int: 10    God:    Okawaru [*.....]
Gold:   495        SH:  0    Dex: 11    Spells: 7/7 levels left

rFire   . .          .
                       - Unarmed
rCold   + . .        (no shield)
rNeg    . . .        (body armour unavailable)
rPois   .            (helmet currently unavailable)
rElec   .            (cloak currently unavailable)
rCorr   .            (gloves currently unavailable)
SInv    .            (boots currently unavailable)
Will    .....        j - amulet of magic regeneration
Stlth   +            q - +6 ring of strength
HPRegen 0.31/turn    (no ring)
MPRegen 0.51/turn

%: no passive effects
@: about to teleport, beast-form, on berserk cooldown, slowed, very slow
A: beast (slay +4), breathe frost, AC +6, unfitting armour, cold resistance 1,
cold-blooded
a: Breathe Frost, Begin Untransformation, Renounce Religion, Heroism


You were on level 6 of the Dungeon.
You worshipped Okawaru.
Okawaru was aware of your devotion.
You were a hulking beast.
You visited 2 branches of the dungeon, and saw 7 of its levels.
You also visited: Ossuary.

You collected 495 gold pieces.

Inventory:

Missiles
 p - 6 poisoned darts
 t - 5 boomerangs
 x - 6 atropa-tipped darts
Armour
 e - a +0 pair of boots
 h - a scarf of repulsion
Jewellery
 j - an amulet of magic regeneration (around neck)
 q - a +6 ring of strength (left hand)
Talismans
 b - a beast talisman
 c - a flux talisman
Wands
 r - a wand of iceblast (7)
Scrolls
 i - a scroll of silence {unknown}
 l - a scroll of amnesia {unknown}
 m - a scroll of teleportation
 o - a scroll of immolation {unknown}
 s - a scroll of torment
 u - a scroll of fog {unknown}
 v - 2 scrolls of brand weapon {unknown}
 w - a scroll of blinking {unknown}
 y - a scroll of enchant armour {unknown}
Potions
 a - a potion of lignification
 g - 2 potions of enlightenment {unknown}
 k - a potion of curing
 n - a potion of invisibility {unknown}


   Skills:
 + Level 4.8 Fighting
 - Level 1.7 Dodging
 + Level 6.6 Unarmed Combat
 + Level 7.2 Shapeshifting


You had 7 spell levels left.
You didn't know any spells.
Your spell library contained the following spells:

 Spells                   Type           Power      Damage    Failure   Level
 Scorch                   Fire           0%         2d5       50%         2
 Inner Flame              Hex/Fire       0%         N/A       75%         3
 Flame Wave               Conj/Fire      0%         2d4       98%         4
 Sticky Flame             Conj/Fire      0%         2d3       98%         4
 Summon Cactus Giant      Summ           Unusable   N/A       N/A         6

Dungeon Overview and Level Annotations

Branches:
Dungeon (6/15)             Temple (1/1) D:6         Ossuary (visited)

Altars:
Cheibriados
Makhleb
Okawaru
Qazlal
Sif Muna
Vehumet
Wu Jian
Yredelemnul
Zin
The Shining One

Shops:
D:6 [

Annotations:
D:6 Pikel


Innate Abilities, Weirdness & Mutations

You are a hulking beast.
Your limbs bulge with bestial killing power. (Slay +4)
You can breathe waves of freezing cold which knock back foes.
Your icy white scales are hard. (AC +6)
You cannot fit into any form of body armour.
Your flesh is cold resistant. (rC+)
You are cold-blooded and may be slowed by cold attacks.


Message History

You feel a strong urge to attack something.
The boulder beetle bites you but does no damage.
You hit the boulder beetle.
The boulder beetle is lightly wounded.
You barely miss the boulder beetle.
You punch the boulder beetle, but do no damage.
The boulder beetle is lightly wounded.
The boulder beetle bites you!
* * * LOW HITPOINT WARNING * * *
You hit the boulder beetle.
The boulder beetle is lightly wounded.
You hit the boulder beetle but do no damage.
The boulder beetle is lightly wounded.
The boulder beetle leaps!
You feel a strong urge to attack something.
You are no longer berserk.
You are exhausted.
You feel yourself slow down.
You barely miss the boulder beetle.
The boulder beetle is lightly wounded.
The boulder beetle leaps! x2
As you read the scroll labelled JYJIRY FEMUMPE, it crumbles to dust.
You feel strangely unstable.
It was a scroll of teleportation.
The boulder beetle curls into a ball and begins rolling!
Your surroundings suddenly seem different.
The lemure shouts!
The gnoll shouts!
You hear a shout!
The gnoll shouts!
The gnoll bouda barks out a call to the hunt!
The gnolls pick up the pace!
The gnoll throws a stone.
The stone misses you.
The gnoll shouts!
Pikel shouts!
The gnoll shouts!
The lemure shouts! x2
The gnoll completely misses you. The gnoll barely misses you.
The gnoll hits you from afar with a +0 spear!
* * * LOW HITPOINT WARNING * * *
The gnoll hits you with a +0 flail.
* * * LOW HITPOINT WARNING * * *
The gnoll closely misses you. The lemure misses you. x2
As you read the scroll of teleportation, it crumbles to dust.
You feel strangely unstable. The lemure hits you.
You die...

# #....# #.###...#B###.. # #....#
#.. #...#.#.. # #....# ##.
##.##.#.. #
###.#######################...# #
#.# #....#...........##.#...# #
#.# #....#........... #....##
#####.###....#.......... ##......
.....5..........5.g..# #...#.%.
K...5.###รท.....5hggg.#####.###..>
...5..# #....K.5....g......5.#...
.###### #...5...[....####.#...5..
.# #.....#####.## #.#....## .#
#...........# #.#.#.5.# .#
#....######## #.#.##5.# .# #....#
..#.###.. .# ###### #.#.# ##. .#
###.# ##


You could see Pikel, 4 lemures, a gnoll bouda and 4 gnolls.

Vanquished Creatures
  Sigmund (D:2)
  A vampire mosquito (D:6)
  2 water moccasins (D:6)
  An ogre (D:6)
  A phantom (D:4)
  An elf zombie (Ossuary)
  2 scorpions
  A human zombie (Ossuary)
  A jelly (D:4)
  2 hounds
  An orc wizard (D:4)
  2 iguanas (D:5)
  2 mummies (Ossuary)
  4 gnolls
  12 adders
  A white imp (D:5)
  2 ufetubi (D:6)
  A worm (D:3)
  6 dart slugs
  8 orcs
  6 endoplasms
  4 giant cockroaches
  4 gnoll zombies (Ossuary)
  12 goblins
  5 hobgoblins
  3 jackals (D:1)
  3 quokkas
  8 ball pythons
  4 bats
  2 frilled lizards
  3 goblin zombies (Ossuary)
  3 hobgoblin zombies (Ossuary)
  7 kobolds
  2 orc zombies (Ossuary)
  5 rats
123 creatures vanquished.

Notes
Turn   | Place    | Note
-------+----------+-------------------------------------------
     0 | D:1      | Strat the Draconian Shapeshifter began the quest for the
                  | Orb.
     0 | D:1      | Reached XP level 1. HP: 16/16 MP: 1/1
   224 | D:1      | Reached XP level 2. HP: 21/23 MP: 2/2
  1213 | D:2      | Reached XP level 3. HP: 28/28 MP: 3/3
  1358 | D:2      | Noticed Sigmund
  1372 | D:2      | Killed Sigmund
  1373 | D:2      | Reached skill level 5 in Shapeshifting
  1373 | D:2      | Reached XP level 4. HP: 35/35 MP: 4/4
  1373 | D:2      | Reached XP level 5. HP: 40/40 MP: 5/5
  1465 | D:2      | Found a faded altar of an unknown god.
  2173 | D:3      | Reached XP level 6. HP: 36/47 MP: 6/6
  2962 | D:4      | Found a sand-covered staircase.
  2984 | D:4      | Reached skill level 5 in Unarmed Combat
  3002 | Ossuary  | Entered an ossuary
  3061 | Ossuary  | Reached skill level 6 in Shapeshifting
  3150 | Ossuary  | Your scales start taking on an icy white colour.
  3150 | Ossuary  | Reached XP level 7. HP: 28/53 MP: 7/7
  3150 | Ossuary  | Gained mutation: Your flesh is cold resistant. (rC+) [White
                  | Draconian growth]
  4032 | D:5      | Entered Level 5 of the Dungeon
  4058 | D:5      | Found a snail-covered altar of Cheibriados.
  4243 | D:5      | Found a basalt altar of Yredelemnul.
  4243 | D:5      | Found an iron altar of Okawaru.
  4923 | D:5      | Became a worshipper of Warmaster Okawaru
  5073 | D:6      | Found Uxeif's Antique Armour Emporium.
  5232 | D:6      | Reached XP level 8. HP: 59/66 MP: 8/8
  5244 | D:6      | Reached skill level 7 in Shapeshifting
  5264 | D:6      | Found a staircase to the Ecumenical Temple.
  5274 | Temple   | Entered the Ecumenical Temple
  5328 | D:6      | Noticed Pikel
  5609 | D:6      | Reached * piety under Okawaru
  5614 | D:6      | Noticed a boulder beetle
  5638 | D:6      | Slain by a lemure

Illustrated notes

Levels and vault maps discovered:
D:1:      onia_arrival_mini_spirals, layout_basic
D:2:      minmay_razor_zed, layout_loops_ring, chequers_ecumenical_altar_twisty,
          uniq_sigmund
D:3:      layout_loops_ring
D:4:      layout_basic, nicolae_ossuary_entry_monument
D:5:      layout_loops_ring, mainiacjoe_overflow_six_doors_small,
          gammafunk_temple_overflow_elements
D:6:      layout_basic, minmay_temple_entry_tees,
          mainiacjoe_sewer_entry_somewhere_in_here_1, serial_shops, shop,
          minmay_small_thing, uniq_pikel
Temple:   nicolae_temple_ecumenical_triangle

Skill      XL: |  1  2  3  4  5  6  7  8 |
---------------+-------------------------+-----
Unarmed Combat | 4 5 6 |  6.6
Shapeshifting  | 5 6 7 |  7.2
Fighting       | 4 |  4.8
Dodging        | |  1.7

Action                     |  1- 3 |  4- 6 |  7- 9 || total
---------------------------+-------+-------+-------++-------
  Melee: Unarmed           |   101 |   144 |   154 ||   399
         Tailslap          |    10 |    19 |    21 ||    50
         Punch             |       |     6 |     9 ||    15
  Evoke: Wand              |       |       |     1 ||     1
    Use: Scroll            |       |     6 |     2 ||     8
         Potion            |       |       |     2 ||     2
   Stab: Sleeping          |       |     2 |       ||     2
 Armour: Skin              |    37 |    76 |   107 ||   220
  Dodge: Dodged            |    54 |    67 |    96 ||   217

Table legend: (Time is in decaauts)
 A = Elapsed time spent in this place.
 B = Non-inter-level travel time spent in this place.
 C = Inter-level travel time spent in this place.
 D = Time resting spent in this place.
 E = Time spent auto-exploring this place.
 F = Levels seen in this place.
 G = Mean time per level.
                   A        B        C        D        E       F      G
               +--------+--------+--------+--------+--------+-----+--------+
         Total |   5604 |   5314 |    290 |    277 |   3886 |   8 |  700.5 |
       Dungeon |   5156 |   4866 |    290 |    151 |   3749 |   6 |  859.3 |
        Temple |     13 |     13 |      0 |      0 |      0 |   1 |   13.0 |
       Ossuary |    434 |    434 |      0 |    126 |    137 |   1 |  434.0 |
               +--------+--------+--------+--------+--------+-----+--------+

Top non-repeatable levels by time:
     D:5: 1179 daAuts
     D:1: 1139 daAuts
     D:2: 915 daAuts
     D:4: 766 daAuts
     D:3: 752 daAuts
 Ossuary: 434 daAuts
     D:6: 403 daAuts
  Temple: 13 daAuts
